Diables vs Knights (R1)

Created - April 2, 2020 at 19:10

Goals
1 2 3 OT1 SO T
Diables 2 0 2 0 2 5
Knights 0 2 2 0 1 4
Shots
1 2 3 OT1 SO T
Diables 7 12 8 0 3 27
Knights 9 16 8 0 3 33

1st period

1. Diables , Pavel Buchnevich 31 (Darroll Powe 30, Max Domi 54) at 9:22
2. Diables , Will Butcher 6 (Darroll Powe 31, Carl Gunnarsson 25) at 15:04

Penalties :
Will Butcher (Alm) for Hooking (Minor) at 0:07, Carl Gunnarsson (Alm) for Interference (Minor) at 12:49, Nikolaj Ehlers (Lon) for Hooking (Minor) at 17:23

2nd period

3. Knights , Miro Aaltonen 29 (Michael Matheson 14) at 14:52
4. Knights , Collin Miller 5 (Noel Acciari 41) at 16:03

Penalties :
Carl Gunnarsson (Alm) for Holding Stick (Minor) at 2:12

3rd period

5. Diables , Mikko Lehtonen 20 (Mark Jankowski 16) at 2:41
6. Diables , Will Butcher 7 (Frederik Gauthier 23) at 12:25
7. Knights , Josh Bailey 37 (Miro Aaltonen 41, Nikolaj Ehlers 28) at 14:41
8. Knights , Josh Bailey 38 (Noel Acciari 42, Ludwig Bystrom 12) at 19:02

Penalties :
Carl Gunnarsson (Alm) for Tripping (Minor) at 4:56, Will Butcher (Alm) for Roughing (Minor) at 14:44

Overtime #1

No Goal

Penalties :
No Penalty

Shootout

Diables, Darroll Powe - Goal!
Knights, Noel Acciari - Goal!
Diables, Pavel Buchnevich - Goal!
Knights, Miro Aaltonen - Stopped by Mark Visentin
Diables, Brock McGinn - Stopped by Elvis Merzlikins
Knights, Ryan Strome - Stopped by Mark Visentin

Penalties :
No Penalty

Goalie Stats

Mark Visentin (Alm), 29 saves from 33 shots - (0.879), W, 5-4-0, 65:00 minutes
Elvis Merzlikins (Lon), 23 saves from 27 shots - (0.852), OTL, 13-3-1, 65:00 minutes

Players Stats for Diables

Player Name              G  A  P  +/- PIM S  H  SB GA TA FO     MP     PP MP  PK MP  
------------------------------------------------------------------------------------
Alex Tuch                0  0  0   0  0   0  3  0  0  0  0/1    14:21   1:14   0:00 
Brandon Prust            0  0  0  -1  0   1  0  0  1  0  0/0    14:33   0:00   4:06 
Brett Lernout            0  0  0  -1  0   0  1  0  0  0  0/0     9:53   0:00   3:16 
Brock McGinn             0  0  0  -1  0   2  2  0  0  0  0/0    16:44   1:14   0:40 
C.J Suess                0  0  0   1  0   0  1  0  0  0  0/0     7:24   0:00   0:00 
Carl Gunnarsson          0  1  1   2  6   2  0  1  3  1  0/0    21:54   1:23   1:57 
Chris Bigras             0  0  0  -1  0   0  1  0  0  0  0/0     9:45   0:00   0:30 
Daniel Zaar              0  0  0  -1  0   3  0  2  0  0  0/0     9:16   0:00   0:00 
Darroll Powe             0  2  2   1  0   4  0  0  0  1  8/23   20:13   0:00   2:25 
Eric Gustafsson          0  0  0  -2  0   0  1  1  0  0  0/0    14:00   0:00   5:23 
Frederik Gauthier        0  1  1  -1  0   0  2  1  2  1  7/15   20:32   0:45   5:11 
Marc-André Bourdon       0  0  0  -1  0   0  0  1  0  0  0/0    16:04   0:36   4:02 
Mark Jankowski           0  1  1   1  0   0  0  0  0  0  0/0    11:44   0:00   2:19 
Max Domi                 0  1  1   1  0   4  2  0  1  1  1/3    19:34   0:45   0:00 
Mike Zigomanis           0  0  0  -1  0   1  0  0  0  0  1/4    12:24   1:14   0:00 
Mikko Lehtonen           1  0  1   0  0   1  2  2  0  0  0/1    12:51   0:00   5:09 
Nikita Zadorov           0  0  0   0  0   0  0  1  2  0  0/0    20:29   0:36   4:02 
Pavel Buchnevich         1  0  1   1  0   5  2  1  0  0  1/2    19:51   0:45   0:00 
Will Butcher             2  0  2   3  4   4  3  1  0  1  0/0    21:36   1:23   0:00 
Zac Leslie               0  0  0   0  0   0  0  1  0  2  0/0    16:52   0:00   0:40 

Players Stats for Knights

Player Name              G  A  P  +/- PIM S  H  SB GA TA FO     MP     PP MP  PK MP  
------------------------------------------------------------------------------------
Brendan Gaunce           0  0  0  -1  0   2  1  1  1  0  2/4    13:01   0:00   0:00 
Collin Miller            1  0  1  -1  0   2  0  0  0  0  0/0    19:36   5:52   0:00 
Dwight King              0  0  0   0  0   3  0  0  1  0  2/3    22:43   5:26   1:13 
Jaccob Slavin            0  0  0   0  0   1  1  1  1  0  0/0    28:19   5:04   0:47 
Jordan Martinook         0  0  0  -1  0   3  2  0  0  1  0/0    16:04   0:00   1:13 
Josh Bailey              2  0  2   3  0   6  0  0  1  3  1/1    20:23   5:11   0:00 
Linden Vey               0  0  0  -1  0   0  1  1  0  0  0/0    14:25   0:22   0:00 
Ludwig Bystrom           0  1  1   2  0   0  1  0  0  0  0/0    12:31   0:38   0:00 
Michael Matheson         0  1  1   1  0   0  2  1  0  1  0/0    21:14   4:13   0:47 
Miro Aaltonen            1  1  2   2  0   3  1  0  1  0  7/13   19:20   5:11   0:00 
Nicolas Petan            0  0  0  -1  0   1  0  0  0  0  1/1     6:48   0:00   0:00 
Nikolaj Ehlers           0  1  1   2  2   1  1  1  0  0  0/1    17:45   4:22   0:00 
Noel Acciari             0  2  2   0  0   2  2  1  0  1  18/26  22:17   4:29   0:46 
Olli Maatta              0  0  0  -1  0   1  2  0  0  0  0/0    19:09   0:00   1:12 
Ryan Strome              0  0  0  -1  0   5  4  0  1  1  0/0    19:36   4:29   0:00 
Tomas Kundratek          0  0  0  -1  0   0  1  2  0  2  0/0    29:11   4:03   1:12 
Valentin Zykov           0  0  0  -1  0   1  1  0  1  0  0/0     8:04   0:00   0:20 
Vince Hinostroza         0  0  0  -1  0   2  0  0  0  0  0/0     7:34   0:15   0:26 

3 Stars

1 - Josh Bailey (Lon)
2 - Will Butcher (Alm)
3 - Miro Aaltonen (Lon)

Power Play

Diables - 0 on 1 Attempt(s) - 0.00%
Knights - 0 on 5 Attempt(s) - 0.00%

Penalty Kill

Diables - 5 on 5 Attempt(s) - 100.00% - Score 0 goal in Penalty Kill
Knights - 1 on 1 Attempt(s) - 100.00% - Score 0 goal in Penalty Kill

Team Stat

Diables - Hits : 20 - Faceoff Wins : 18 - Blocked Shots : 12 - Penalty Minutes : 10
Knights - Hits : 20 - Faceoff Wins : 31 - Blocked Shots : 8 - Penalty Minutes : 2

Official

Referees : Unknown
Linesman : Unknown

Game Notes

No Game Note

Finance

Level 1 -- Attendance: 2000 (100.00%) -- Ticket Income $36,000
Level 2 -- Attendance: 981 (98.10%) -- Ticket Income $9,810
Total Attendance: 2981 (99.37%)
Total Ticket Income: $45,810
Other Income: $2,290
Total Income: $48,100

Diables

5 vs 5 Forward 
   Center                   Left Wing                Right Wing               Time % Phy DF OF 
 1 Darroll Powe             Max Domi                 Pavel Buchnevich         40     1   2  2  
 2 Frederik Gauthier        Brock McGinn             Alex Tuch                30     1   2  2  
 3 Mike Zigomanis           Brandon Prust            Daniel Zaar              20     1   2  2  
 4 Mark Jankowski           C.J Suess                Mikko Lehtonen           10     1   2  2  

5 vs 5 Defense 
   Defense                  Defense                                           Time % Phy DF OF 
 1 Carl Gunnarsson          Will Butcher                                      40     1   2  2  
 2 Zac Leslie               Nikita Zadorov                                    30     1   2  2  
 3 Chris Bigras             Marc-André Bourdon                                20     1   2  2  
 4 Brett Lernout            Eric Gustafsson                                   10     1   2  2  

PowerPlay Forward 
   Center                   Left Wing                Right Wing               Time % Phy DF OF 
 1 Mike Zigomanis           Brock McGinn             Alex Tuch                60     1   2  2  
 2 Frederik Gauthier        Max Domi                 Pavel Buchnevich         40     1   2  2  

PowerPlay Defense
   Defense                  Defense                                           Time % Phy DF OF 
 1 Carl Gunnarsson          Will Butcher                                      60     1   2  2  
 2 Nikita Zadorov           Marc-André Bourdon                                40     1   2  2  

Penalty Kill 4 Players Forward 
   Center                   Wing                     Time % Phy DF OF 
 1 Frederik Gauthier        Mikko Lehtonen           60     1   2  2  
 2 Darroll Powe             Brandon Prust            40     1   2  2  

Penalty Kill 4 Players Defense
   Defense                  Defense                  Time % Phy DF OF 
 1 Carl Gunnarsson          Eric Gustafsson          60     1   2  2  
 2 Nikita Zadorov           Marc-André Bourdon       40     1   2  2  

Penalty Kill - 3 Players Forward 
   Forward                                           Time % Phy DF OF 
 1 Darroll Powe                                      60     1   2  2  
 2 Frederik Gauthier                                 40     1   2  2  

Penalty Kill - 3 Players Defense
   Defense                  Defense                  Time % Phy DF OF 
 1 Carl Gunnarsson          Eric Gustafsson          60     1   2  2  
 2 Zac Leslie               Nikita Zadorov           40     1   2  2  

4 vs 4 Forward 
   Center                   Wing                     Time % Phy DF OF 
 1 Mike Zigomanis           Pavel Buchnevich         60     1   2  2  
 2 Frederik Gauthier        Brock McGinn             40     1   2  2  

4 vs 4 Defense
   Defense                  Defense                  Time % Phy DF OF 
 1 Will Butcher             Eric Gustafsson          60     1   2  2  
 2 Zac Leslie               Marc-André Bourdon       40     1   2  2  

Last Minutes Offensive
   Center                   Left Wing                Right Wing               Defense                  Defense                  
   Darroll Powe             Max Domi                 Pavel Buchnevich         Carl Gunnarsson          Will Butcher             

Last Minutes Defensive
   Center                   Left Wing                Right Wing               Defense                  Defense                  
   Frederik Gauthier        Brock McGinn             Mikko Lehtonen           Carl Gunnarsson          Eric Gustafsson          

Goaltenders
Starting : Mark Visentin            
Backup : Alex Nedeljkovic         

Extra Forwards
Normal : Max Domi, Mark Jankowski, Frederik Gauthier - PP : Max Domi, Mark Jankowski - PK : Frederik Gauthier
Extra Defensemen
Normal : Nikita Zadorov, Brett Lernout, Will Butcher - PP : Chris Bigras - PK : Brett Lernout, Zac Leslie
Penalty Shots
Darroll Powe, Pavel Buchnevich, Brock McGinn, Brandon Prust, Alex Tuch

Scratches
Louis Leblanc (Healthy), Stephen Harper (Healthy), Emil Djuse (Healthy), Christian Thomas (Healthy), Cole Cassels (Healthy)
Jeremy Gregoire (Healthy), Connor Hurley (Healthy), Gustav Olofsson (Healthy), Andreas Johnsson (Healthy), Brett Ritchie (Healthy)
Anders Bjork (Healthy), Hunter Smith (Healthy), Jack Campbell (Healthy)

Knights

5 vs 5 Forward 
   Center                   Left Wing                Right Wing               Time % Phy DF OF 
 1 Noel Acciari             Dwight King              Ryan Strome              40     1   1  3  
 2 Miro Aaltonen            Nikolaj Ehlers           Josh Bailey              30     1   2  2  
 3 Brendan Gaunce           Jordan Martinook         Linden Vey               20     0   2  3  
 4 Nicolas Petan            Valentin Zykov           Vince Hinostroza         10     0   2  3  

5 vs 5 Defense 
   Defense                  Defense                                           Time % Phy DF OF 
 1 Jaccob Slavin            Tomas Kundratek                                   40     1   2  2  
 2 Collin Miller            Olli Maatta                                       30     1   2  2  
 3 Michael Matheson         Ludwig Bystrom                                    20     1   2  2  
 4 Michael Matheson         Olli Maatta                                       10     1   2  2  

PowerPlay Forward 
   Center                   Left Wing                Right Wing               Time % Phy DF OF 
 1 Miro Aaltonen            Dwight King              Josh Bailey              60     0   1  4  
 2 Noel Acciari             Nikolaj Ehlers           Ryan Strome              40     0   1  4  

PowerPlay Defense
   Defense                  Defense                                           Time % Phy DF OF 
 1 Collin Miller            Jaccob Slavin                                     60     0   1  4  
 2 Michael Matheson         Tomas Kundratek                                   40     0   1  4  

Penalty Kill 4 Players Forward 
   Center                   Wing                     Time % Phy DF OF 
 1 Dwight King              Jordan Martinook         60     1   3  1  
 2 Noel Acciari             Vince Hinostroza         40     1   3  1  

Penalty Kill 4 Players Defense
   Defense                  Defense                  Time % Phy DF OF 
 1 Tomas Kundratek          Olli Maatta              60     1   3  1  
 2 Jaccob Slavin            Michael Matheson         40     1   3  1  

Penalty Kill - 3 Players Forward 
   Forward                                           Time % Phy DF OF 
 1 Dwight King                                       60     0   4  1  
 2 Noel Acciari                                      40     0   4  1  

Penalty Kill - 3 Players Defense
   Defense                  Defense                  Time % Phy DF OF 
 1 Jaccob Slavin            Olli Maatta              60     1   3  1  
 2 Michael Matheson         Tomas Kundratek          40     1   3  1  

4 vs 4 Forward 
   Center                   Wing                     Time % Phy DF OF 
 1 Noel Acciari             Josh Bailey              60     1   2  2  
 2 Miro Aaltonen            Dwight King              40     1   2  2  

4 vs 4 Defense
   Defense                  Defense                  Time % Phy DF OF 
 1 Tomas Kundratek          Jaccob Slavin            60     1   2  2  
 2 Olli Maatta              Collin Miller            40     1   2  2  

Last Minutes Offensive
   Center                   Left Wing                Right Wing               Defense                  Defense                  
   Noel Acciari             Dwight King              Josh Bailey              Tomas Kundratek          Jaccob Slavin            

Last Minutes Defensive
   Center                   Left Wing                Right Wing               Defense                  Defense                  
   Noel Acciari             Jordan Martinook         Vince Hinostroza         Olli Maatta              Tomas Kundratek          

Goaltenders
Starting : Elvis Merzlikins         
Backup : Magnus Hellberg          

Extra Forwards
Normal : Jordan Martinook, Linden Vey, Dwight King - PP : Linden Vey, Miro Aaltonen - PK : Dwight King
Extra Defensemen
Normal : Olli Maatta, Michael Matheson, Collin Miller - PP : Michael Matheson - PK : Ludwig Bystrom, Michael Matheson
Penalty Shots
Noel Acciari, Miro Aaltonen, Ryan Strome, Linden Vey, Dwight King

Scratches
Zach Nastasiuk (Healthy), Nicklas Jensen (Healthy), Alan Quine (Healthy), David Shields (Healthy), Matthew Benning (Healthy)
Trevor Moore (Healthy), Scott Wilson (Healthy), Curtis Valk (Healthy), Anthony Louis (Healthy), Travis Boyd (Healthy)
Fredrik Claesson (Healthy), Mackenzie MacEachern (Healthy), Jayce Hawryluk (Healthy), Nikolay Goldobin (Healthy), Kevin Fiala (Healthy)
Nathan Walker (Healthy), A.J. Jenks (Healthy), Ryan Collins (Healthy), William Lagesson (Healthy), Eamon McAdam (Healthy)
Philippe Desrosiers (Healthy), Ville Husso (Healthy)

% Time on Ice - Diables

Lines # - Real PCT - Wanted PCT - Time Play
Normal Forward
1 - 37% - 40% - 17:37
2 - 28% - 30% - 13:31
3 - 19% - 20% - 9:16
4 - 15% - 10% - 7:24
Normal Defense
1 - 38% - 40% - 18:18
2 - 31% - 30% - 14:57
3 - 18% - 20% - 8:38
4 - 12% - 10% - 5:55
PP Forward
1 - 62% - 60% - 1:14
2 - 38% - 40% - 0:45
PP Defense
1 - 70% - 60% - 1:23
2 - 30% - 40% - 0:36
PK Forward
1 - 76% - 60% - 7:31
2 - 24% - 40% - 2:24
PK Defense
1 - 59% - 60% - 5:53
2 - 41% - 40% - 4:02
PK3 Forward
1 - 0% - 60%
2 - 0% - 40%
PK3 Defense
1 - 0% - 60%
2 - 0% - 40%
44 Forward
1 - 80% - 60% - 4:01
2 - 20% - 40% - 0:59
44 Defense
1 - 48% - 60% - 2:25
2 - 52% - 40% - 2:35
Last Minute Offensive  - 0:00
Last Minute Defensive  - 0:18
Total
Forward - 65:00
Defense - 65:00

% Time on Ice - Knights

Lines # - Real PCT - Wanted PCT - Time Play
Normal Forward
1 - 30% - 40% - 14:24
2 - 31% - 30% - 14:49
3 - 25% - 20% - 11:52
4 - 14% - 10% - 6:48
Normal Defense
1 - 42% - 40% - 20:08
2 - 30% - 30% - 14:31
3 - 21% - 20% - 10:00
4 - 7% - 10% - 3:14
PP Forward
1 - 55% - 60% - 5:26
2 - 45% - 40% - 4:29
PP Defense
1 - 59% - 60% - 5:52
2 - 41% - 40% - 4:03
PK Forward
1 - 78% - 60% - 1:33
2 - 22% - 40% - 0:26
PK Defense
1 - 61% - 60% - 1:12
2 - 39% - 40% - 0:47
PK3 Forward
1 - 0% - 60%
2 - 0% - 40%
PK3 Defense
1 - 0% - 60%
2 - 0% - 40%
44 Forward
1 - 84% - 60% - 4:11
2 - 16% - 40% - 0:49
44 Defense
1 - 60% - 60% - 3:00
2 - 40% - 40% - 2:00
Last Minute Offensive  - 0:13
Last Minute Defensive  - 0:00
Total
Forward - 65:00
Defense - 65:00

Play-by-Play

1st period


0:01 of 1st period - Noel Acciari wins face-off versus Darroll Powe in neutral zone.
0:07 of 1st period - Minor Penalty to Will Butcher for Hooking.
0:08 of 1st period - Miro Aaltonen wins face-off versus Frederik Gauthier in Diables zone.
0:20 of 1st period - Wrist shot by Miro Aaltonen.
0:20 of 1st period - Deflect By Josh Bailey.
0:20 of 1st period - Shot Misses the Net.
0:20 of 1st period - Puck is out of play.
0:21 of 1st period - Darroll Powe wins face-off versus Noel Acciari in Diables zone.
0:36 of 1st period - Snap shot by Noel Acciari.
0:36 of 1st period - Stopped by Mark Visentin with a rebound.
0:56 of 1st period - Snap shot by Dwight King.
0:56 of 1st period - Stopped by Mark Visentin without a rebound.
0:57 of 1st period - Noel Acciari wins face-off versus Frederik Gauthier in Diables zone.
1:08 of 1st period - Snap shot by Nikolaj Ehlers.
1:08 of 1st period - Deflect By Noel Acciari.
1:08 of 1st period - Shot Blocked by Mikko Lehtonen.
1:08 of 1st period - Puck is out of play.
1:09 of 1st period - Darroll Powe wins face-off versus Miro Aaltonen in Diables zone.
2:07 of 1st period - Penalty to Will Butcher is over, Will Butcher is back on ice.
2:10 of 1st period - Marc-André Bourdon is hit by Ryan Strome and loses puck.
2:40 of 1st period - Pavel Buchnevich is hit by Olli Maatta and loses puck.
2:47 of 1st period - Collin Miller is hit by Pavel Buchnevich and loses puck.
3:00 of 1st period - Carl Gunnarsson is hit by Miro Aaltonen and loses puck.
3:34 of 1st period - Off-side.
3:35 of 1st period - Frederik Gauthier wins face-off versus Miro Aaltonen in neutral zone.
3:50 of 1st period - Slapshot by Josh Bailey.
3:50 of 1st period - Stopped by Mark Visentin with a rebound.
4:29 of 1st period - Slapshot by Brendan Gaunce.
4:29 of 1st period - Shot Blocked by Will Butcher.
4:35 of 1st period - Snap shot by Pavel Buchnevich.
4:35 of 1st period - Shot Misses the Net.
5:09 of 1st period - Wrist shot by Vince Hinostroza.
5:09 of 1st period - Stopped by Mark Visentin without a rebound.
5:10 of 1st period - Nicolas Petan wins face-off versus Darroll Powe in Diables zone.
5:27 of 1st period - Snap shot by Vince Hinostroza.
5:27 of 1st period - Stopped by Mark Visentin with a rebound.
5:59 of 1st period - Chris Bigras is hit by Ludwig Bystrom and loses puck.
6:45 of 1st period - Slapshot by Darroll Powe.
6:45 of 1st period - Stopped by Elvis Merzlikins with a rebound.
6:47 of 1st period - Snap shot by Darroll Powe.
6:47 of 1st period - Stopped by Elvis Merzlikins with a rebound.
7:03 of 1st period - Vince Hinostroza is hit by Eric Gustafsson and loses puck.
7:22 of 1st period - Slapshot by Mark Jankowski.
7:22 of 1st period - Shot Misses the Net.
8:23 of 1st period - Slapshot by Miro Aaltonen.
8:23 of 1st period - Stopped by Mark Visentin without a rebound.
8:24 of 1st period - Miro Aaltonen wins face-off versus Darroll Powe in Diables zone.
8:25 of 1st period - Snap shot by Josh Bailey.
8:25 of 1st period - Stopped by Mark Visentin without a rebound.
8:26 of 1st period - Noel Acciari wins face-off versus Darroll Powe in Diables zone.
8:48 of 1st period - Icing by Carl Gunnarsson.
8:49 of 1st period - Miro Aaltonen wins face-off versus Frederik Gauthier in Diables zone.
9:00 of 1st period - Snap shot by Miro Aaltonen.
9:00 of 1st period - Stopped by Mark Visentin with a rebound.
9:22 of 1st period - Wrist shot by Pavel Buchnevich.
9:22 of 1st period - Goal by Pavel Buchnevich - Diables : 1 - Knights : 0.
9:23 of 1st period - Noel Acciari wins face-off versus Darroll Powe in neutral zone.
9:28 of 1st period - Snap shot by Dwight King.
9:28 of 1st period - Stopped by Mark Visentin with a rebound.
10:57 of 1st period - Snap shot by Brock McGinn.
10:57 of 1st period - Shot Blocked by Michael Matheson.
10:59 of 1st period - Slapshot by Nikita Zadorov.
10:59 of 1st period - Shot Misses the Net.
11:01 of 1st period - Wrist shot by Alex Tuch.
11:01 of 1st period - Shot Misses the Net.
12:07 of 1st period - Snap shot by Max Domi.
12:07 of 1st period - Deflect By Pavel Buchnevich.
12:07 of 1st period - Stopped by Elvis Merzlikins without a rebound.
12:08 of 1st period - Frederik Gauthier wins face-off versus Miro Aaltonen in Knights zone.
12:49 of 1st period - Minor Penalty to Carl Gunnarsson for Interference.
12:50 of 1st period - Frederik Gauthier wins face-off versus Miro Aaltonen in Diables zone.
14:05 of 1st period - Brandon Prust is hit by Ryan Strome and loses puck.
14:49 of 1st period - Penalty to Carl Gunnarsson is over, Carl Gunnarsson is back on ice.
14:56 of 1st period - Snap shot by Pavel Buchnevich.
14:56 of 1st period - Stopped by Elvis Merzlikins with a rebound.
14:58 of 1st period - Wrist shot by Darroll Powe.
14:58 of 1st period - Shot Blocked by Tomas Kundratek.
15:00 of 1st period - Snap shot by Carl Gunnarsson.
15:00 of 1st period - Shot Blocked by Tomas Kundratek.
15:02 of 1st period - Snap shot by Darroll Powe.
15:02 of 1st period - Shot Misses the Net.
15:04 of 1st period - Slapshot by Will Butcher.
15:04 of 1st period - Goal by Will Butcher - Diables : 2 - Knights : 0.
15:05 of 1st period - Brendan Gaunce wins face-off versus Darroll Powe in neutral zone.
15:08 of 1st period - Snap shot by Jordan Martinook.
15:08 of 1st period - Shot Blocked by Pavel Buchnevich.
15:35 of 1st period - Noel Acciari is hit by Will Butcher and loses puck.
16:12 of 1st period - Wrist shot by Darroll Powe.
16:12 of 1st period - Shot Misses the Net.
16:33 of 1st period - Ludwig Bystrom is hit by C.J Suess and loses puck.
16:54 of 1st period - Wrist shot by Frederik Gauthier.
16:54 of 1st period - Deflect By Alex Tuch.
16:54 of 1st period - Shot Misses the Net.
16:54 of 1st period - Puck is out of play.
16:55 of 1st period - Noel Acciari wins face-off versus Frederik Gauthier in Knights zone.
17:23 of 1st period - Minor Penalty to Nikolaj Ehlers for Hooking.
17:24 of 1st period - Dwight King wins face-off versus Mike Zigomanis in Knights zone.
17:38 of 1st period - Wrist shot by Mike Zigomanis.
17:38 of 1st period - Stopped by Elvis Merzlikins without a rebound.
17:39 of 1st period - Dwight King wins face-off versus Mike Zigomanis in Knights zone.
17:50 of 1st period - Slapshot by Carl Gunnarsson.
17:50 of 1st period - Shot Misses the Net.
17:52 of 1st period - Slapshot by Will Butcher.
17:52 of 1st period - Shot Misses the Net.
17:54 of 1st period - Slapshot by Carl Gunnarsson.
17:54 of 1st period - Shot Misses the Net.
18:12 of 1st period - Slapshot by Pavel Buchnevich.
18:12 of 1st period - Shot Misses the Net.
18:14 of 1st period - Slapshot by Nikita Zadorov.
18:14 of 1st period - Shot Misses the Net.
18:36 of 1st period - Michael Matheson is hit by Frederik Gauthier and loses puck.
19:18 of 1st period - Dwight King is hit by Will Butcher and loses puck.
19:23 of 1st period - Penalty to Nikolaj Ehlers is over, Nikolaj Ehlers is back on ice.
Goals for this period are 2 for Diables vs 0 for Knights.
Shots for this period are 7 for Diables vs 9 for Knights.

2nd period


0:01 of 2nd period - Noel Acciari wins face-off versus Darroll Powe in neutral zone.
0:15 of 2nd period - Wrist shot by Ryan Strome.
0:15 of 2nd period - Stopped by Mark Visentin with a rebound.
1:19 of 2nd period - Snap shot by Brandon Prust.
1:19 of 2nd period - Stopped by Elvis Merzlikins with a rebound.
1:55 of 2nd period - Wrist shot by Brock McGinn.
1:55 of 2nd period - Stopped by Elvis Merzlikins without a rebound.
1:56 of 2nd period - Pavel Buchnevich wins face-off versus Noel Acciari in Knights zone.
2:12 of 2nd period - Minor Penalty to Carl Gunnarsson for Holding Stick.
2:13 of 2nd period - Frederik Gauthier wins face-off versus Miro Aaltonen in Diables zone.
3:06 of 2nd period - Michael Matheson is hit by Mikko Lehtonen and loses puck.
3:19 of 2nd period - Frederik Gauthier is hit by Noel Acciari and loses puck.
4:12 of 2nd period - Penalty to Carl Gunnarsson is over, Carl Gunnarsson is back on ice.
4:20 of 2nd period - Nikita Zadorov is hit by Michael Matheson and loses puck.
4:27 of 2nd period - Slapshot by Linden Vey.
4:27 of 2nd period - Shot Misses the Net.
4:43 of 2nd period - Brock McGinn is hit by Michael Matheson.
5:51 of 2nd period - Valentin Zykov is hit by Mikko Lehtonen and loses puck.
6:20 of 2nd period - Linden Vey is hit by Brett Lernout and loses puck.
6:57 of 2nd period - Snap shot by Nicolas Petan.
6:57 of 2nd period - Stopped by Mark Visentin with a rebound.
7:07 of 2nd period - Tomas Kundratek is hit by Max Domi and loses puck.
7:22 of 2nd period - Nikita Zadorov is hit by Jordan Martinook and loses puck.
7:51 of 2nd period - Dwight King is hit by Alex Tuch.
8:17 of 2nd period - Snap shot by Valentin Zykov.
8:17 of 2nd period - Shot Misses the Net.
8:19 of 2nd period - Snap shot by Vince Hinostroza.
8:19 of 2nd period - Shot Blocked by Mikko Lehtonen.
8:21 of 2nd period - Slapshot by Collin Miller.
8:21 of 2nd period - Deflect By Valentin Zykov.
8:21 of 2nd period - Stopped by Mark Visentin with a rebound.
8:37 of 2nd period - Slapshot by Brandon Prust.
8:37 of 2nd period - Shot Blocked by Nikolaj Ehlers.
8:40 of 2nd period - Icing by Nikolaj Ehlers.
8:41 of 2nd period - Darroll Powe wins face-off versus Nikolaj Ehlers in Knights zone.
8:42 of 2nd period - Snap shot by Max Domi.
8:42 of 2nd period - Shot Misses the Net.
8:54 of 2nd period - Backhand shot by Darroll Powe.
8:54 of 2nd period - Stopped by Elvis Merzlikins with a rebound.
9:01 of 2nd period - Slapshot by Jaccob Slavin.
9:01 of 2nd period - Shot Blocked by Frederik Gauthier.
9:03 of 2nd period - Slapshot by Jaccob Slavin.
9:03 of 2nd period - Shot Misses the Net.
9:05 of 2nd period - Snap shot by Nikolaj Ehlers.
9:05 of 2nd period - Stopped by Mark Visentin without a rebound.
9:06 of 2nd period - Noel Acciari wins face-off versus Frederik Gauthier in Diables zone.
9:33 of 2nd period - Olli Maatta is hit by Pavel Buchnevich and loses puck.
10:02 of 2nd period - Snap shot by Daniel Zaar.
10:02 of 2nd period - Stopped by Elvis Merzlikins with a rebound.
10:04 of 2nd period - Slapshot by Marc-André Bourdon.
10:04 of 2nd period - Deflect By Mike Zigomanis.
10:04 of 2nd period - Shot Misses the Net.
10:04 of 2nd period - Puck is out of play.
10:05 of 2nd period - Noel Acciari wins face-off versus Frederik Gauthier in Knights zone.
10:39 of 2nd period - Carl Gunnarsson is hit by Nikolaj Ehlers and loses puck.
10:48 of 2nd period - Wrist shot by Josh Bailey.
10:48 of 2nd period - Stopped by Mark Visentin with a rebound.
11:06 of 2nd period - Wrist shot by Daniel Zaar.
11:06 of 2nd period - Stopped by Elvis Merzlikins with a rebound.
11:08 of 2nd period - Wrist shot by Daniel Zaar.
11:08 of 2nd period - Shot Blocked by Linden Vey.
11:10 of 2nd period - Slapshot by Carl Gunnarsson.
11:10 of 2nd period - Stopped by Elvis Merzlikins with a rebound.
11:31 of 2nd period - Off-side.
11:32 of 2nd period - Noel Acciari wins face-off versus Pavel Buchnevich in neutral zone.
11:47 of 2nd period - Slapshot by Dwight King.
11:47 of 2nd period - Shot Blocked by Nikita Zadorov.
12:42 of 2nd period - Mark Jankowski is hit by Noel Acciari and loses puck.
13:16 of 2nd period - Ludwig Bystrom is hit by Chris Bigras and loses puck.
13:25 of 2nd period - Snap shot by Miro Aaltonen.
13:25 of 2nd period - Shot Blocked by Marc-André Bourdon.
13:29 of 2nd period - Slapshot by Miro Aaltonen.
13:29 of 2nd period - Shot Misses the Net.
14:10 of 2nd period - Slapshot by Jaccob Slavin.
14:10 of 2nd period - Stopped by Mark Visentin with a rebound.
14:12 of 2nd period - Wrist shot by Noel Acciari.
14:12 of 2nd period - Deflect By Ryan Strome.
14:12 of 2nd period - Stopped by Mark Visentin with a rebound.
14:28 of 2nd period - Wrist shot by Brendan Gaunce.
14:28 of 2nd period - Stopped by Mark Visentin with a rebound.
14:30 of 2nd period - Slapshot by Collin Miller.
14:30 of 2nd period - Stopped by Mark Visentin with a rebound.
14:32 of 2nd period - Slapshot by Olli Maatta.
14:32 of 2nd period - Stopped by Mark Visentin with a rebound.
14:52 of 2nd period - Snap shot by Miro Aaltonen.
14:52 of 2nd period - Goal by Miro Aaltonen - Diables : 2 - Knights : 1.
14:53 of 2nd period - Noel Acciari wins face-off versus Darroll Powe in neutral zone.
14:55 of 2nd period - Off-side.
14:56 of 2nd period - Darroll Powe wins face-off versus Noel Acciari in neutral zone.
15:59 of 2nd period - Off-side.
16:00 of 2nd period - Noel Acciari wins face-off versus Darroll Powe in neutral zone.
16:03 of 2nd period - Slapshot by Collin Miller.
16:03 of 2nd period - Goal by Collin Miller - Diables : 2 - Knights : 2.
16:04 of 2nd period - Noel Acciari wins face-off versus Darroll Powe in neutral zone.
16:14 of 2nd period - Wrist shot by Dwight King.
16:14 of 2nd period - Deflect By Ryan Strome.
16:14 of 2nd period - Shot Misses the Net.
16:14 of 2nd period - Puck is out of play.
16:15 of 2nd period - Darroll Powe wins face-off versus Noel Acciari in Diables zone.
16:20 of 2nd period - Slapshot by Will Butcher.
16:20 of 2nd period - Shot Misses the Net.
16:24 of 2nd period - Wrist shot by Max Domi.
16:24 of 2nd period - Stopped by Elvis Merzlikins with a rebound.
16:26 of 2nd period - Snap shot by Will Butcher.
16:26 of 2nd period - Stopped by Elvis Merzlikins without a rebound.
16:27 of 2nd period - Noel Acciari wins face-off versus Darroll Powe in Knights zone.
16:27 of 2nd period - Noel Acciari is hit by Max Domi.
16:38 of 2nd period - Jaccob Slavin is hit by Will Butcher and loses puck.
16:41 of 2nd period - Wrist shot by Noel Acciari.
16:41 of 2nd period - Shot Blocked by Carl Gunnarsson.
16:43 of 2nd period - Wrist shot by Ryan Strome.
16:43 of 2nd period - Stopped by Mark Visentin with a rebound.
16:58 of 2nd period - Snap shot by Linden Vey.
16:58 of 2nd period - Shot Misses the Net.
17:00 of 2nd period - Snap shot by Jordan Martinook.
17:00 of 2nd period - Stopped by Mark Visentin without a rebound.
17:01 of 2nd period - Frederik Gauthier wins face-off versus Noel Acciari in Diables zone.
17:40 of 2nd period - Wrist shot by Josh Bailey.
17:40 of 2nd period - Stopped by Mark Visentin without a rebound.
17:41 of 2nd period - Max Domi wins face-off versus Brendan Gaunce in Diables zone.
17:54 of 2nd period - Snap shot by Max Domi.
17:54 of 2nd period - Stopped by Elvis Merzlikins without a rebound.
17:55 of 2nd period - Darroll Powe wins face-off versus Dwight King in Knights zone.
18:00 of 2nd period - Slapshot by Darroll Powe.
18:00 of 2nd period - Stopped by Elvis Merzlikins with a rebound.
18:02 of 2nd period - Slapshot by Carl Gunnarsson.
18:02 of 2nd period - Stopped by Elvis Merzlikins with a rebound.
18:04 of 2nd period - Slapshot by Will Butcher.
18:04 of 2nd period - Shot Misses the Net.
18:06 of 2nd period - Wrist shot by Pavel Buchnevich.
18:06 of 2nd period - Shot Blocked by Noel Acciari.
18:08 of 2nd period - Wrist shot by Darroll Powe.
18:08 of 2nd period - Shot Blocked by Jaccob Slavin.
18:10 of 2nd period - Snap shot by Pavel Buchnevich.
18:10 of 2nd period - Stopped by Elvis Merzlikins with a rebound.
18:20 of 2nd period - Carl Gunnarsson is hit by Tomas Kundratek and loses puck.
19:20 of 2nd period - Chris Bigras is hit by Olli Maatta and loses puck.
19:29 of 2nd period - Slapshot by Dwight King.
19:29 of 2nd period - Shot Misses the Net.
19:31 of 2nd period - Wrist shot by Ryan Strome.
19:31 of 2nd period - Stopped by Mark Visentin without a rebound.
19:32 of 2nd period - Miro Aaltonen wins face-off versus Darroll Powe in Diables zone.
Goals for this period are 0 for Diables vs 2 for Knights.
Shots for this period are 12 for Diables vs 16 for Knights.

3rd period


0:01 of 3rd period - Noel Acciari wins face-off versus Max Domi in neutral zone.
0:56 of 3rd period - Slapshot by Jaccob Slavin.
0:56 of 3rd period - Shot Blocked by Zac Leslie.
0:58 of 3rd period - Slapshot by Brendan Gaunce.
0:58 of 3rd period - Shot Misses the Net.
1:00 of 3rd period - Backhand shot by Jordan Martinook.
1:00 of 3rd period - Shot Misses the Net.
1:02 of 3rd period - Slapshot by Jaccob Slavin.
1:02 of 3rd period - Deflect By Jordan Martinook.
1:02 of 3rd period - Stopped by Mark Visentin with a rebound.
2:14 of 3rd period - Snap shot by Frederik Gauthier.
2:14 of 3rd period - Shot Blocked by Brendan Gaunce.
2:20 of 3rd period - Alex Tuch is hit by Linden Vey and loses puck.
2:41 of 3rd period - Backhand shot by Mikko Lehtonen.
2:41 of 3rd period - Goal by Mikko Lehtonen - Diables : 3 - Knights : 2.
2:42 of 3rd period - Noel Acciari wins face-off versus Darroll Powe in neutral zone.
2:50 of 3rd period - Carl Gunnarsson is hit by Jaccob Slavin.
2:58 of 3rd period - Snap shot by Ryan Strome.
2:58 of 3rd period - Deflect By Noel Acciari.
2:58 of 3rd period - Stopped by Mark Visentin with a rebound.
3:41 of 3rd period - Wrist shot by Linden Vey.
3:41 of 3rd period - Shot Misses the Net.
3:43 of 3rd period - Snap shot by Tomas Kundratek.
3:43 of 3rd period - Shot Misses the Net.
3:45 of 3rd period - Wrist shot by Brendan Gaunce.
3:45 of 3rd period - Stopped by Mark Visentin with a rebound.
3:49 of 3rd period - Slapshot by Jaccob Slavin.
3:49 of 3rd period - Shot Misses the Net.
3:51 of 3rd period - Slapshot by Tomas Kundratek.
3:51 of 3rd period - Shot Blocked by Eric Gustafsson.
3:59 of 3rd period - Slapshot by Jordan Martinook.
3:59 of 3rd period - Shot Misses the Net.
4:33 of 3rd period - Slapshot by Linden Vey.
4:33 of 3rd period - Shot Hit the Post.
4:35 of 3rd period - Wrist shot by Jordan Martinook.
4:35 of 3rd period - Shot Misses the Net.
4:37 of 3rd period - Slapshot by Tomas Kundratek.
4:37 of 3rd period - Shot Misses the Net.
4:39 of 3rd period - Wrist shot by Jordan Martinook.
4:39 of 3rd period - Deflect By Linden Vey.
4:39 of 3rd period - Shot Misses the Net.
4:39 of 3rd period - Puck is out of play.
4:40 of 3rd period - Frederik Gauthier wins face-off versus Noel Acciari in Diables zone.
4:45 of 3rd period - Slapshot by Will Butcher.
4:45 of 3rd period - Shot Misses the Net.
4:56 of 3rd period - Minor Penalty to Carl Gunnarsson for Tripping.
4:57 of 3rd period - Miro Aaltonen wins face-off versus Frederik Gauthier in Diables zone.
4:59 of 3rd period - Snap shot by Dwight King.
4:59 of 3rd period - Deflect By Eric Gustafsson.
4:59 of 3rd period - Stopped by Mark Visentin without a rebound.
5:00 of 3rd period - Miro Aaltonen wins face-off versus Mikko Lehtonen in Diables zone.
6:56 of 3rd period - Penalty to Carl Gunnarsson is over, Carl Gunnarsson is back on ice.
10:28 of 3rd period - Mikko Lehtonen is hit by Valentin Zykov and loses puck.
11:07 of 3rd period - Nikita Zadorov is hit by Ryan Strome and loses puck.
11:28 of 3rd period - Slapshot by Brock McGinn.
11:28 of 3rd period - Stopped by Elvis Merzlikins without a rebound.
11:29 of 3rd period - Noel Acciari wins face-off versus Frederik Gauthier in Knights zone.
11:29 of 3rd period - Noel Acciari is hit by Brock McGinn.
11:35 of 3rd period - Ryan Strome is hit by Brock McGinn and loses puck.
11:46 of 3rd period - Tomas Kundratek is hit by Alex Tuch and loses puck.
11:53 of 3rd period - Noel Acciari is hit by Frederik Gauthier and loses puck.
12:06 of 3rd period - Snap shot by Dwight King.
12:06 of 3rd period - Shot Misses the Net.
12:25 of 3rd period - Snap shot by Will Butcher.
12:25 of 3rd period - Goal by Will Butcher - Diables : 4 - Knights : 2.
12:26 of 3rd period - Josh Bailey wins face-off versus Darroll Powe in neutral zone.
12:57 of 3rd period - Slapshot by Ludwig Bystrom.
12:57 of 3rd period - Deflect By Brendan Gaunce.
12:57 of 3rd period - Shot Blocked by Daniel Zaar.
12:57 of 3rd period - Puck is out of play.
12:58 of 3rd period - Brendan Gaunce wins face-off versus Max Domi in Diables zone.
13:01 of 3rd period - Slapshot by Brendan Gaunce.
13:01 of 3rd period - Shot Misses the Net.
13:09 of 3rd period - Snap shot by Jordan Martinook.
13:09 of 3rd period - Stopped by Mark Visentin without a rebound.
13:10 of 3rd period - Noel Acciari wins face-off versus Darroll Powe in Diables zone.
13:11 of 3rd period - Wrist shot by Ryan Strome.
13:11 of 3rd period - Stopped by Mark Visentin with a rebound.
13:19 of 3rd period - Slapshot by Will Butcher.
13:19 of 3rd period - Stopped by Elvis Merzlikins with a rebound.
13:21 of 3rd period - Snap shot by Pavel Buchnevich.
13:21 of 3rd period - Stopped by Elvis Merzlikins with a rebound.
13:23 of 3rd period - Wrist shot by Max Domi.
13:23 of 3rd period - Stopped by Elvis Merzlikins with a rebound.
13:25 of 3rd period - Snap shot by Max Domi.
13:25 of 3rd period - Stopped by Elvis Merzlikins without a rebound.
13:26 of 3rd period - Miro Aaltonen wins face-off versus Alex Tuch in Knights zone.
14:33 of 3rd period - Snap shot by Josh Bailey.
14:33 of 3rd period - Shot Blocked by Daniel Zaar.
14:41 of 3rd period - Slapshot by Josh Bailey.
14:41 of 3rd period - Goal by Josh Bailey - Diables : 4 - Knights : 3.
14:42 of 3rd period - Darroll Powe wins face-off versus Noel Acciari in neutral zone.
14:44 of 3rd period - Minor Penalty to Will Butcher for Roughing.
14:45 of 3rd period - Frederik Gauthier wins face-off versus Noel Acciari in Diables zone.
14:45 of 3rd period - Frederik Gauthier is hit by Ryan Strome.
16:44 of 3rd period - Penalty to Will Butcher is over, Will Butcher is back on ice.
17:11 of 3rd period - Nikolaj Ehlers is hit by Alex Tuch and loses puck.
18:27 of 3rd period - Icing by Darroll Powe.
18:28 of 3rd period - Darroll Powe wins face-off versus Miro Aaltonen in Diables zone.
18:56 of 3rd period - Wrist shot by Brock McGinn.
18:56 of 3rd period - Shot Misses the Net.
19:02 of 3rd period - Knights, Elvis Merzlikins is pulled from the net.
19:02 of 3rd period - Snap shot by Josh Bailey.
19:02 of 3rd period - Goal by Josh Bailey - Diables : 4 - Knights : 4.
19:02 of 3rd period - Elvis Merzlikins from Knights was sent back in the game.
19:03 of 3rd period - Mike Zigomanis wins face-off versus Brendan Gaunce in neutral zone.
19:08 of 3rd period - Snap shot by Daniel Zaar.
19:08 of 3rd period - Stopped by Elvis Merzlikins with a rebound.
Goals for this period are 2 for Diables vs 2 for Knights.
Shots for this period are 8 for Diables vs 8 for Knights.

Overtime #1


0:01 of 1st overtime period - Noel Acciari wins face-off versus Mike Zigomanis in neutral zone.
1:41 of 1st overtime period - Snap shot by Mark Jankowski.
1:41 of 1st overtime period - Shot Misses the Net.
2:10 of 1st overtime period - Frederik Gauthier is hit by Jordan Martinook and loses puck.
3:00 of 1st overtime period - Mike Zigomanis is hit by Brendan Gaunce and loses puck.
Goals for this period are 0 for Diables vs 0 for Knights.
Shots for this period are 0 for Diables vs 0 for Knights.

ShootOut


5:00 of 1st overtime period - Round #1.
5:00 of 1st overtime period - Diables, Darroll Powe.
5:00 of 1st overtime period - Wrist shot by Darroll Powe.
5:00 of 1st overtime period - Goal by Darroll Powe.
5:00 of 1st overtime period - Knights, Noel Acciari.
5:00 of 1st overtime period - Deke by Noel Acciari.
5:00 of 1st overtime period - Goal by Noel Acciari.
5:00 of 1st overtime period - Round #2.
5:00 of 1st overtime period - Diables, Pavel Buchnevich.
5:00 of 1st overtime period - Deke by Pavel Buchnevich.
5:00 of 1st overtime period - Goal by Pavel Buchnevich.
5:00 of 1st overtime period - Knights, Miro Aaltonen.
5:00 of 1st overtime period - Snap shot by Miro Aaltonen.
5:00 of 1st overtime period - Stopped by Mark Visentin.
5:00 of 1st overtime period - Round #3.
5:00 of 1st overtime period - Diables, Brock McGinn.
5:00 of 1st overtime period - Deke by Brock McGinn.
5:00 of 1st overtime period - Stopped by Elvis Merzlikins.
5:00 of 1st overtime period - Knights, Ryan Strome.
5:00 of 1st overtime period - Snap shot by Ryan Strome.
5:00 of 1st overtime period - Stopped by Mark Visentin.